 Dungeon Crawl Stone Soup version 0.20.1-1-g8b1a95d (webtiles) character file.

72 digijack the Charlatan (level 4, 0/22 HPs)
             Began as a Vine Stalker Artificer on Dec 9, 2017.
             Slain by an adder (2 damage)
             ... on level 2 of the Dungeon.
             The game lasted 00:07:35 (1033 turns).

digijack the Charlatan (Vine Stalker Artificer)     Turns: 1033, Time: 00:07:37

Health: 0/22       AC:  4    Str: 14    XL:     4   Next: 26%
Magic:  0/7        EV: 12    Int: 11    God:
Gold:   50         SH:  0    Dex: 16    Spells: 3/3 levels left

rFire    . . .     SeeInvis +   j - +1 whip (venom)
rCold    . . .     Gourm    .   (no shield)
rNeg     . . .     Faith    .   b - +0 leather armour
rPois    .         Spirit   +   a - +0 helmet {SInv}
rElec    .         Reflect  .   (no cloak)
rCorr    .         Harm     .   (no gloves)
MR       .....                  (no boots)
Stlth    ++........             (no amulet)
Regen    0.5/turn               (no ring)
MPRegen  0.1/turn               (no ring)

@: no status effects
A: fangs 2, regeneration 1, magic shield, antimagic bite, no potion heal 3, rot
immunity
a: no special abilities


You were on level 2 of the Dungeon.
You were not hungry.

You visited 1 branch of the dungeon, and saw 2 of its levels.

You collected 50 gold pieces.

Inventory:

Hand Weapons
 j - a +1 whip of venom (weapon)
Armour
 a - a +0 helmet of see invisible (worn)
 b - a +0 leather armour (worn)
Wands
 c - a wand of flame (13/48)
 d - a wand of enslavement (10/24)
 e - a wand of random effects (12/48)
Scrolls
 h - a scroll of remove curse
Comestibles
 f - a bread ration


   Skills:
 + Level 1.3 Fighting
   Level 1.1 Short Blades
 + Level 1.3 Maces & Flails
 + Level 1.2 Armour
 - Level 1.6 Dodging
 + Level 2.6 Stealth
 - Level 3.0 Evocations


You had 3 spell levels left.
You didn't know any spells.

Dungeon Overview and Level Annotations

Branches:
Dungeon (2/15)

Altars:


Innate Abilities, Weirdness & Mutations

You have extremely sharp teeth.
Your natural rate of healing is unusually fast.
When hurt, damage is shared between your health and your magic reserves.
Your bite disrupts and absorbs the magic of your enemies.
Potions cannot restore your health.
You are immune to rotting.


Message History

You feel invigorated.
The goblin is severely wounded.
The adder misses you. The gnoll barely misses you.
The leopard gecko closely misses you. The goblin completely misses you.
The adder bites you.
You hit the goblin but do no damage.
The goblin is poisoned.
Your bite misses the goblin.
The goblin is severely wounded.
You kill the leopard gecko!
The gnoll hits you.
* * * LOW HITPOINT WARNING * * *
The adder barely misses you. The goblin hits you with a club.
* * * LOW HITPOINT WARNING * * *
You barely miss the goblin.
The goblin is severely wounded.
You kill the goblin!
The gnoll misses you. The adder bites you.
* * * LOW HITPOINT WARNING * * *
The gnoll closely misses you. The adder bites you.
You die...

######## #......#
#......# #......#
#......#..
#..)......
#.@†...... ##
####.gS....#.
...####.##.......#
#................. .
#..##..........#.[
..#.......####......
....#...###...##...
####.#.....#... #.
.#. .....#.....#.#
.#


You could see a gnoll and an adder.

Vanquished Creatures
  An adder (D:1)
  2 gnolls (D:2)
  2 dart slugs (D:1)
  A leopard gecko (D:2)
  2 giant cockroaches (D:1)
  6 goblins
  2 jackals (D:2)
  A quokka (D:2)
  2 ball pythons (D:1)
  3 bats (D:1)
  3 frilled lizards
  6 kobolds (D:1)
  4 rats
35 creatures vanquished.

Vanquished Creatures (collateral kills)
  A gnoll (D:2)
  A bat (D:1)
  A jackal (D:2)
  A kobold (D:1)
  A frilled lizard (D:2)
5 creatures vanquished.

Grand Total: 40 creatures vanquished

Notes
Turn   | Place    | Note
-------+----------+-------------------------------------------
     0 | D:1      | digijack the Vine Stalker Artificer began the quest for the Orb.
     0 | D:1      | Reached XP level 1. HP: 9/9 MP: 3/3
    96 | D:1      | Reached skill level 1 in Short Blades
   204 | D:1      | Reached skill level 3 in Evocations
   232 | D:1      | Reached XP level 2. HP: 14/14 MP: 5/5
   253 | D:1      | Reached skill level 1 in Fighting
   431 | D:1      | Reached XP level 3. HP: 12/18 MP: 6/6
   786 | D:1      | Reached skill level 1 in Maces & Flails
   786 | D:1      | Reached skill level 1 in Armour
   999 | D:2      | Gained mutation: Your natural rate of healing is unusually fast. [Vine Stalker growth]
   999 | D:2      | Reached XP level 4. HP: 6/22 MP: 4/7
  1033 | D:2      | Slain by an adder

Skill      XL: |  1  2  3 |
---------------+----------+-----
Short Blades   | 1 |  1.1
Evocations     | 3 |  3.0
Fighting       | 1 |  1.3
Maces & Flails | 1 |  1.3
Armour         | 1 |  1.2
Stealth        | 2 |  2.6
Dodging        | |  1.6

Action                   |  1- 3 |  4- 6 || total
-------------------------+-------+-------++-------
Melee: Short sword       |    12 |       ||    12
       Bite              |    18 |     3 ||    21
       Whip              |    51 |    14 ||    65
Evoke: Wand              |    10 |       ||    10
  Use: Scroll            |     3 |       ||     3
 Stab: Sleeping          |     1 |       ||     1
Armor: Leather armour    |    11 |     8 ||    19
Dodge: Dodged            |    46 |    24 ||    70
